 Dungeon Crawl Stone Soup version 0.29-a0-330-g52719c12eb (webtiles) character file.

Game seed: 92599664281517167

1397 lorenzova the Thaumaturge (level 8, -5/41 HPs)
             Began as a Deep Elf Conjurer on May 28, 2022.
             Slain by an orc warrior
             ... wielding a +0 scimitar
              (16 damage)
             ... on level 6 of the Dungeon.
             The game lasted 00:13:04 (7573 turns).

lorenzova the Thaumaturge (Deep Elf Conjurer)       Turns: 7573, Time: 00:13:04

Health: -5/41      AC:  2    Str:  4    XL:     8   Next: 41%
Magic:  14/23      EV: 13    Int: 26    God:
Gold:   267        SH:  0    Dex: 19    Spells: 14/25 levels left

rFire   . . .      SeeInvis +   u - +4 short sword
rCold   . . .      Faith    .   (no shield)
rNeg    . . .      Spirit   .   a - +0 robe
rPois   .          Reflect  .   (no helmet)
rElec   .          Harm     .   (no cloak)
rCorr   .          Rampage  .   (no gloves)
Will    .....                   (no boots)
Stlth   ++........              (no amulet)
HPRegen 0.13/turn               f - +6 ring of dexterity
MPRegen 0.18/turn               m - ring of see invisible

@: no status effects
A: no striking features
a: no special abilities


You were on level 6 of the Dungeon.
You visited 1 branch of the dungeon, and saw 6 of its levels.

You collected 267 gold pieces.

Inventory:

Hand Weapons
 u - a +4 short sword (weapon)
Armour
 a - a +0 robe (worn)
Magical Staves
 j - a staff of death
Jewellery
 f - a +6 ring of dexterity (left hand)
 m - a ring of see invisible (right hand)
 r - a +6 ring of strength
Wands
 d - a wand of flame (11)
Scrolls
 e - a scroll of holy word
 h - 3 scrolls of teleportation
 k - a scroll of vulnerability
 n - 2 scrolls of amnesia
 o - a scroll of brand weapon {unknown}
 q - a scroll of fog {unknown}
Potions
 b - a potion of magic
 c - a potion of might
 g - 5 potions of curing
 i - 2 potions of lignification
 l - a potion of cancellation
 p - a potion of brilliance


   Skills:
 - Level 2.4 Dodging
 - Level 2.4 Stealth
 * Level 9.2 Spellcasting
 * Level 8.6 Conjurations
 + Level 3.7 Hexes
 + Level 3.0 Translocations


You had 14 spell levels left.
You knew the following spells:

 Your Spells              Type           Power      Damage    Failure   Level
a - Magic Dart            Conj           100%       1d8       1%          1
b - Searing Ray           Conj           100%       2d8       1%          2
c - Iskenderun's Mystic   Conj/Tloc      42%        2d10      4%          4
d - Fulminant Prism       Conj/Hex       22%        3d13      4%          4

Your spell library contained the following spells:

 Spells                   Type           Power      Damage    Failure   Level
 Dazzling Flash           Conj/Hex       88%        N/A       1%          3
 Stone Arrow              Conj/Erth      68%        3d11      2%          3
 Portal Projectile        Hex/Tloc       58%        N/A       3%          3
 Sandblast                Erth           24%        2d8       4%          1
 Passwall                 Tmut/Erth      10%        N/A       8%          2
 Blade Hands              Tmut           6%         N/A       80%         5
 Excruciating Wounds      Necr           6%         N/A       80%         5


Dungeon Overview and Level Annotations

Branches:
Dungeon (6/15)
 Temple: D:4-7

Altars:
Cheibriados
Fedhas
Qazlal
Wu Jian
Yredelemnul
The Shining One

Shops:
D:4 :

Annotations:
D:5 2 transporters


Message History

Aiming: Searing Ray (safe; 1% risk of failure)
Press: ? - help, Shift-Dir - straight line, f - orc warrior
Aim: an orc warrior, wielding a +0 scimitar and wearing a +0 chain mail (81% to hit)
The searing ray hits the orc warrior.
The orc warrior is moderately wounded.
The searing ray misses the orc wizard. (Press . to maintain the ray.)
The orc warrior hits you with a +0 scimitar!
The orc wizard mumbles some strange words.
The orc wizard flickers and vanishes for a moment.
The searing ray hits the orc warrior.
The orc warrior is heavily wounded.
The searing ray hits the orc wizard.
The orc wizard is moderately wounded.
The orc warrior hits you with a +0 scimitar!
* * * LOW HITPOINT WARNING * * *
You feel much better.
The orc warrior hits you with a +0 scimitar!
Casting: Searing Ray (safe; 1% risk of failure)
Confirm with . or Enter, or press ? or * to list all spells.
Aiming: Searing Ray (safe; 1% risk of failure)
Press: ? - help, Shift-Dir - straight line, f/p - orc warrior
Aim: an orc warrior, wielding a +0 scimitar and wearing a +0 chain mail (heavily wounded, 81% to hit)
The searing ray hits the orc warrior.
The orc warrior is severely wounded.
The searing ray hits the orc wizard!
The orc wizard is almost dead. (Press . to maintain the ray.)
The orc warrior barely misses you.
The searing ray hits the orc warrior but does no damage.
The orc warrior is severely wounded.
The searing ray misses the orc wizard.
The orc warrior hits you with a +0 scimitar!
* * * LOW HITPOINT WARNING * * *
The searing ray hits the orc warrior but does no damage.
The orc warrior is severely wounded.
The searing ray hits the orc wizard!
You kill the orc wizard!
The orc warrior hits you with a +0 scimitar!
You die...

#.#..# #.#... #
#.#..#
###.###.#..#
#.....)?#..#
#.#.?...#..#
#####)#..# #o#.<#
#@#.##
.#####.#.########
#.................
#########.########
###


You could see an orc warrior.

Vanquished Creatures
  A steam dragon (D:5)
  An ogre (D:4)
  3 lemures (D:4)
  A kobold brigand (D:4)
  A gnoll sergeant (D:5)
  2 necrophages (D:5)
  A scorpion (D:5)
  2 jellies
  A hound (D:5)
  2 gnoll shamans
  4 orc priests
  2 iguanas
  5 orc wizards
  Natasha (thrice) (D:2)
  Terence (D:3)
  15 gnolls
  10 adders
  2 worms
  3 dart slugs
  12 orcs
  7 ball pythons
  6 bats
  10 endoplasms
  5 giant cockroaches
  6 goblins
  7 hobgoblins
  4 jackals (D:2)
  2 quokkas
  6 frilled lizards
  10 kobolds
  11 rats
146 creatures vanquished.

Vanquished Creatures (others)
  A fungus (D:1)
  7 plants (D:5)
8 creatures vanquished.

Grand Total: 154 creatures vanquished

Notes
Turn   | Place    | Note
-------+----------+-------------------------------------------
     0 | D:1      | lorenzova the Deep Elf Conjurer began the quest for the
                  | Orb.
     0 | D:1      | Reached XP level 1. HP: 10/10 MP: 6/6
   179 | D:1      | Reached XP level 2. HP: 15/15 MP: 4/8
   218 | D:1      | Learned a level 2 spell: Searing Ray
   493 | D:1      | Found a faded altar of an unknown god.
   847 | D:1      | Reached skill level 4 in Spellcasting
   935 | D:1      | Reached XP level 3. HP: 19/19 MP: 8/10
   976 | D:1      | Reached skill level 5 in Conjurations
  1645 | D:2      | Noticed Natasha
  1654 | D:2      | Killed Natasha
  1655 | D:2      | Reached XP level 4. HP: 12/24 MP: 7/12
  1976 | D:2      | Reached skill level 5 in Spellcasting
  2170 | D:2      | Noticed Natasha
  2176 | D:2      | Killed Natasha
  2434 | D:2      | Noticed Natasha
  2440 | D:2      | Killed Natasha
  2441 | D:2      | Reached XP level 5. HP: 5/28 MP: 8/14
  3158 | D:3      | Found a blossoming altar of Fedhas.
  3159 | D:3      | Found an ornate altar of the Wu Jian Council.
  3551 | D:3      | Noticed Terence
  3572 | D:3      | Killed Terence
  3573 | D:3      | Reached skill level 6 in Spellcasting
  3652 | D:3      | Reached XP level 6. HP: 27/32 MP: 5/17
  4482 | D:4      | Found Juluba's Book Boutique.
  4650 | D:4      | Reached skill level 7 in Spellcasting
  4691 | D:4      | Learned a level 4 spell: Iskenderun's Mystic Blast
  4696 | D:4      | Learned a level 4 spell: Fulminant Prism
  5198 | D:4      | Reached XP level 7. HP: 36/36 MP: 17/19
  5262 | D:4      | Reached skill level 1 in Hexes
  5455 | D:4      | Reached skill level 1 in Translocations
  5649 | D:5      | Entered Level 5 of the Dungeon
  5800 | D:5      | Reached skill level 8 in Spellcasting
  6430 | D:5      | Noticed a steam dragon
  6476 | D:5      | Reached XP level 8. HP: 41/41 MP: 14/22
  6736 | D:5      | Found a transporter.
  6762 | D:5      | Identified the +0 kite shield of the Assorted Princes
                  | {Will+ Dex+2}
  6784 | D:5      | Found a transporter.
  6832 | D:5      | Found a snail-covered altar of Cheibriados.
  6845 | D:5      | Found a basalt altar of Yredelemnul.
  6894 | D:5      | HP: 2/41 [steam dragon (11)]
  6897 | D:5      | Reached skill level 9 in Spellcasting
  7236 | D:5      | Found a stormy altar of Qazlal.
  7459 | D:5      | Found a glowing golden altar of the Shining One.
  7573 | D:6      | Slain by an orc warrior

Illustrated notes

Levels and vault maps discovered:
D:1:      matt_arrival_spirals, layout_basic, shapermc_ecumenical_altar_ellora,
          minmay_ruptured
D:2:      layout_basic, kennysheep_generic_room_10, uniq_natasha
D:3:      layout_basic, chequers_temple_overflow_statue_of_worship,
          minmay_checkerbox, uniq_terence
D:4:      wander_river, layout_basic, serial_shops, shop, uniq_pikel
D:5:      layout_basic, mainiacjoe_overflow_catwalk,
          amethyst_overflow_temple_binary, tso_oasis_becter,
          gammafunk_ghost_gnarly_gnolls
D:6:      layout_basic, mainiacjoe_overflow_chevrons,
          minmay_temple_entry_large_hall, ebering_ghost_gozag,
          minmay_misc_feat_rows, minmay_misc_feat_roman, uniq_prince_ribbit1

Skill      XL: |  1  2  3  4  5  6  7  8 |
---------------+-------------------------+-----
Spellcasting   | 4 5 6 7 8 9 |  9.2
Conjurations   | 5 6 7 8 |  8.6
Hexes          | 2 3 |  3.7
Translocations | 2 3 |  3.0
Dodging        | |  2.4
Stealth        | |  2.4

Action                   |  1- 3 |  4- 6 |  7- 9 || total
-------------------------+-------+-------+-------++-------
Melee: Short sword       |     1 |     3 |       ||     4
 Cast: Magic Dart        |    73 |   101 |    66 ||   240
       Searing Ray       |     1 |    21 |    28 ||    50
  Use: Scroll            |       |     7 |     4 ||    11
       Potion            |       |       |     1 ||     1
Armor: Robe              |     1 |     1 |       ||     2
Dodge: Dodged            |     7 |    15 |    13 ||    35

Table legend: (Time is in decaauts)
 A = Elapsed time spent in this place.
 B = Non-inter-level travel time spent in this place.
 C = Inter-level travel time spent in this place.
 D = Time resting spent in this place.
 E = Time spent auto-exploring this place.
 F = Levels seen in this place.
 G = Mean time per level.
                   A        B        C        D        E       F      G
               +--------+--------+--------+--------+--------+-----+--------+
         Total |   7576 |   7370 |    206 |   3939 |   2440 |   6 | 1262.7 |
       Dungeon |   7576 |   7370 |    206 |   3939 |   2440 |   6 | 1262.7 |
               +--------+--------+--------+--------+--------+-----+--------+

Top non-repeatable levels by time:
     D:5: 1868 daAuts
     D:2: 1656 daAuts
     D:4: 1544 daAuts
     D:3: 1394 daAuts
     D:1: 1059 daAuts
     D:6: 53 daAuts
